 Dungeon Crawl Stone Soup version 0.31.0-11-ge490571c62 (webtiles) character file.

Game seed: 14467225337651467423

37 Minsecho the Ducker (level 3, -1/19 HPs)
             Began as a Spriggan Monk on Feb 1, 2024.
             Slain by Robin
             ... wielding a +0 trident
              (8 damage)
             ... on level 2 of the Dungeon.
             The game lasted 00:03:30 (1518 turns).

Minsecho the Ducker (Spriggan Monk)                 Turns: 1518, Time: 00:03:30

Health: -1/19      AC:  2    Str:  6 (9)  XL:     3   Next: 21%
Magic:  4/4        EV: 20    Int:  9 (11) God:
Gold:   64         SH:  0    Dex: 22 (23) Spells: 2/2 levels left

rFire   . .          .
                       - Unarmed
rCold   . . .        c - orb {light}
rNeg    . . .        a - +0 robe
rPois   .            (helmet restricted)
rElec   .            (no cloak)
rCorr   .            (gloves unavailable)
SInv    +            (boots unavailable)
Will    .....        (no amulet)
Stlth   +            j - +6 ring of dexterity
HPRegen 0.23/turn    (no ring)
MPRegen 0.09/turn

%: no passive effects
@: glowing, very quick
A: very small, no large weapons, unfitting armour, see invisible, speed 3
a: no special abilities


You were on level 2 of the Dungeon.
You visited 1 branch of the dungeon, and saw 2 of its levels.

You collected 64 gold pieces.

Inventory:

Armour
 a - a +0 robe (worn)
 c - an orb of light (worn)
 f - a +0 buckler
Jewellery
 h - an amulet of faith
 j - a +6 ring of dexterity (left hand)
Scrolls
 g - a scroll of identify {unknown}
 i - a scroll of vulnerability
 m - a scroll of fog {unknown}
 n - a scroll of fear {unknown}
 o - a scroll of amnesia {unknown}
Potions
 k - a potion of lignification


   Skills:
 + Level 2.7 Fighting
 + Level 4.5 Dodging
 + Level 3.0 Unarmed Combat


You had 2 spell levels left.
You didn't know any spells.
Your spell library was empty.

Dungeon Overview and Level Annotations

Branches:
Dungeon (2/15)

Altars:

Annotations:
D:2 Robin


Innate Abilities, Weirdness & Mutations

You are very small and have problems with some larger weapons.
You are too small for most types of armour.
You have supernaturally acute eyesight. (SInv)
You cover ground extremely quickly. (Speed+++)


Message History

Robin hits you with a +0 trident.
You hit Robin.
Robin is moderately wounded.
Robin hits you with a +0 trident.
You hit Robin.
Robin is heavily wounded.
Robin hits you with a +0 trident.
* * * LOW HITPOINT WARNING * * *
Okay, then.
It was a potion of degeneration.
There was something very wrong with that liquid.
You feel weakened.
You feel dopey.
You feel clumsy. Robin completely misses you.
It was a potion of curing.
You feel better. Robin misses you.
You hit Robin.
Robin is heavily wounded.
Robin says, "My army is invincible!"
Robin misses you.
You hit Robin but do no damage.
Robin is heavily wounded.
Robin hits you with a +0 trident!
You hit Robin but do no damage.
Robin is heavily wounded.
You hit Robin.
Robin is severely wounded.
Robin completely misses you.
You hit Robin.
Robin is severely wounded.
Robin misses you.
You hit Robin but do no damage.
Robin is severely wounded.
Robin hits you with a +0 trident.
You hit Robin but do no damage.
Robin is severely wounded.
Robin completely misses you.
You hit Robin but do no damage.
Robin is severely wounded.
Robin hits you with a +0 trident!
You die...
Robin calls out, "Let's celebrate!
Time for a feast!"

.# ### .# ..#... ..
.# #.#..# ### .#
#.##.#..P .##
#.##.#.PP. ..#
#.##.#.P.# ..#
#....# ..#
#....##########
.#####..[......#@))#
.........#.#####g###
.........#.#####.#
.........#.#...#.#
.......#.#.#.#.#.#
..#
.......#.#.#.#.#.#
#.#
.†..<..#.#.#.#.#.#
#g#
.#.###.#.#.#.#.#.#
#g#
.......#.#.#.#.#.#
#g#


You could see Robin.

Vanquished Creatures
  A dart slug (D:1)
  A ribbon worm (D:2)
  3 ball pythons
  3 giant cockroaches (D:1)
  9 goblins
  3 hobgoblins (D:1)
  2 jackals (D:1)
  2 kobolds (D:1)
  A quokka (D:1)
  A frilled lizard (D:1)
  2 rats (D:1)
28 creatures vanquished.

Notes
Turn   | Place    | Note
-------+----------+-------------------------------------------
     0 | D:1      | Minsecho the Spriggan Monk began the quest for the Orb.
     0 | D:1      | Reached XP level 1. HP: 11/11 MP: 2/2
   352 | D:1      | Reached XP level 2. HP: 16/16 MP: 3/3
   430 | D:1      | Found a faded altar of an unknown god.
  1289 | D:2      | Reached XP level 3. HP: 10/19 MP: 4/4
  1402 | D:2      | Noticed Robin
  1518 | D:2      | Slain by Robin

Illustrated notes

Levels and vault maps discovered:
D:1:      erik_arrival_orb_chamber, layout_loops_corners,
          hellmonk_ecumenical_altar_arch_garden
D:2:      layout_basic, serial_aquarium, aquarium_bridge_long_joined
          [aquarium_subvault_balcony, aquarium_subvault_wall,
          aquarium_subvault_wall, aquarium_subvault_bridge,
          aquarium_subvault_window, aquarium_subvault_wall],
          aquarium_bridge_square [aquarium_subvault_wall,
          aquarium_subvault_balcony, aquarium_subvault_wall,
          aquarium_subvault_bridge], aquarium_window_corner,
          aquarium_window_corner, aquarium_window_2, aquarium_view_2e,
          aquarium_view_2d, uniq_terence, uniq_robin

Skill      XL: |  1  2 |
---------------+-------+-----
Unarmed Combat | 3 |  3.0
Fighting       | |  2.7
Dodging        | |  4.5

Action                     || total
---------------------------++-------
  Melee: Unarmed           ||   143
    Use: Potion            ||     4
         Scroll            ||     2
 Armour: Robe              ||    41
         Skin              ||    19
  Dodge: Dodged            ||   136
